 Dungeon Crawl Stone Soup version bcrawl-1.19.2-6-g6a88ae04c9 (webtiles) character file.

Game seed: 2365926853697329903

96 Mrkan the Ruffian (level 4, -4/45 HPs)
             Began as a Troll Fighter on Jan 14, 2020.
             Slain by a bullfrog (10 damage)
             ... on level 3 of the Dungeon.
             The game lasted 00:02:39 (2113 turns).

Mrkan the Ruffian (Troll Fighter)                   Turns: 2113, Time: 00:02:39

Health: -4/45      AC:  5    Str: 25    XL:     4   Next: 41%
Magic:  3/3        EV:  8    Int:  5    God:
Gold:   86         SH:  8    Dex:  9    Spells: 3/3 levels left

rFire    . . .     SeeInvis .     - Unarmed
rCold    . . .     Gourm    +   a - +0 shield
rNeg     . . .     Faith    .   (armour unavailable)
rPois    .         Spirit   .   (helmet restricted)
rElec    .         Reflect  .   (no cloak)
rCorr    .         Harm     .   (gloves unavailable)
MR       .....                  (boots unavailable)
Stlth    +.........             (no amulet)
HPRegen  0.55/turn              (no ring)
MPRegen  0.08/turn              (no ring)

@: lethally poisoned (-4 -> -4)
A: large, almost no armour, unfitting armour, claws 3, fast metabolism 3,
gourmand, regeneration 1, AC +5
a: no special abilities


You were on level 3 of the Dungeon.
You were not hungry.

You visited 1 branch of the dungeon, and saw 3 of its levels.

You collected 86 gold pieces.

Inventory:

Armour
 a - a +0 shield (worn)
Scrolls
 f - a scroll of remove curse {unknown}
 h - 2 scrolls of magic mapping {unknown}
 i - a scroll of teleportation {unknown}
 j - a scroll of enchant armour {unknown}
 n - a scroll of fog {unknown}
 o - 5 scrolls of identify {unknown}
 p - a scroll of enchant weapon {unknown}
Potions
 b - 2 potions of might
 d - a potion of agility {unknown}
 e - a potion of haste {unknown}
 g - 2 potions of heal wounds {unknown}
 k - 2 potions of magic {unknown}
 l - 2 potions of degeneration {unknown}
 m - a potion of lignification {unknown}
Comestibles
 c - 7 rations {!d}


   Skills:
 + Level 3.1 Fighting
 - Level 2.4 Dodging
 - Level 2.0 Shields
 * Level 4.0 Unarmed Combat


You had 3 spell levels left.
You didn't know any spells.
Your spell library was empty.

Dungeon Overview and Level Annotations

Branches:
Dungeon (3/12)

Altars:


Innate Abilities, Weirdness & Mutations

You cannot wear most types of armour.
Your thick skin is tough. (AC +5)
You are too large for most types of armour.
You have claws for hands.
Your metabolism is lightning-fast.
You like to eat raw meat.
Your natural rate of healing is unusually fast.


Message History

You are poisoned.
The worker ant poisons you!
You scratch the bullfrog.
The bullfrog is severely wounded.
You feel sick. You block the bullfrog's attack.
The worker ant barely misses you. The bullfrog hits you.
You closely miss the worker ant.
You feel sick. You block the worker ant's attack.
You block the bullfrog's attack.
A jackal comes into view.
You barely miss the worker ant. The bullfrog closely misses you.
You block the worker ant's attack. The bullfrog closely misses you.
You block the worker ant's attack.
You completely miss the worker ant.
You feel sick. The bullfrog hits you!
* * * LOW HITPOINT WARNING * * *
The worker ant waves its antennae.
The worker ant bites you but does no damage.
You closely miss the bullfrog.
The bullfrog is severely wounded.
The bullfrog hits you!
You die...

#....(. .... #...... #..
######......
...####....<.....#
#.......#####.รท).#
#.#....# #)#..#
###......#### #....#
###.#.a.##......###.(.##
....hhF@........##....#
###..#####...##.......#
... #...##.....### .
#..#######.# #.^# #.#
#### ###


You could see a bullfrog, a worker ant and 2 jackals.

Vanquished Creatures
  3 gnolls (D:3)
  An ooze (D:2)
  4 worms
  3 leopard geckos
  11 bats
  2 giant cockroaches
  8 goblins
  4 hobgoblins
  6 jackals (D:2)
  3 frilled lizards
  3 kobolds
  3 rats
51 creatures vanquished.

Notes
Turn   | Place    | Note
-------+----------+-------------------------------------------
     0 | D:1      | Mrkan the Troll Fighter began the quest for the Orb.
     0 | D:1      | Reached XP level 1. HP: 22/22 MP: 0/0
   322 | D:1      | Reached XP level 2. HP: 29/29 MP: 1/1
  1046 | D:2      | Reached skill level 3 in Unarmed Combat
  1062 | D:2      | Reached XP level 3. HP: 17/36 MP: 2/2
  1488 | D:2      | Found a faded altar of an unknown god.
  2019 | D:3      | Gained mutation: Your natural rate of healing is unusually
                  | fast. [Troll growth]
  2019 | D:3      | Reached XP level 4. HP: 31/45 MP: 3/3
  2025 | D:3      | Reached skill level 4 in Unarmed Combat
  2097 | D:3      | Noticed a bullfrog
  2113 | D:3      | Slain by a bullfrog

Skill      XL: |  1  2  3  4 |
---------------+-------------+-----
Unarmed Combat | 3 4 |  4.0
Fighting       | 3 |  3.1
Dodging        | |  2.4
Shields        | |  2.0

Action                   |  1- 3 |  4- 6 || total
-------------------------+-------+-------++-------
Melee: Unarmed           |   125 |    20 ||   145
 Stab: Sleeping          |     1 |       ||     1
  Eat: Chunk             |     8 |     3 ||    11
Armor: Skin              |    59 |     5 ||    64
Dodge: Dodged            |    40 |    14 ||    54
Block: Shield            |    74 |    12 ||    86
